Map: Кровавое диско РВ

Players

IIIIIIIIIIII - Winner!

  • Race: Protoss Protoss
  • League: Grandmaster
  • Spawn Location: 3:00

llllllllllll

  • Race: Protoss Protoss
  • Spawn Location: 9:00

VOD

Have the link to the VOD?

Description

Time

  • Played on: Nov. 2, 2019, 7:50 a.m.
  • Length: 9:17
Show
View Real Time Build Order
Export as new Build Order

IIIIIIIIIIII Protoss - Winner!

Build Orders: Phoenix Opening, Zealot Archon 

Get SALT Encoding   

  12  0:00  Probe  
  13  0:12  Probe  
  14  0:17  Pylon  
  14  0:24  Probe (Chrono Boost)  
  16  0:37  Probe (Chrono Boost)  
  16  0:38  Gateway  
  16  0:43  Probe (Chrono Boost)  
  16  0:45  Assimilator  
  17  0:51  Probe  
  17  0:55  Assimilator  
  18  1:03  Probe (Chrono Boost)  
  19  1:08  Gateway  
  19  1:14  Probe (Chrono Boost)  
  20  1:19  Probe (Chrono Boost)  
  20  1:25  Cybernetics Core  
  21  1:29  Probe  
  22  1:36  Pylon  
  22  1:41  Probe  
  23  1:54  Probe  
  24  2:01  Warp Gate (Chrono Boost)  
  24  2:02  Sentry, Stalker  
  24  2:07  Probe  
  29  2:19  Pylon  
  29  2:28  Stargate  
  29  2:42  Probe  
  30  2:46  Nexus  
  30  2:54  Probe  
  31  3:04  Stalker  
  31  3:05  Sentry  
  35  3:06  Probe  
  35  3:12  Phoenix  
  38  3:17  Pylon  
  38  3:23  Probe  
  39  3:38  Probe  
  39  3:39  Phoenix  
  42  3:44  Forge  
  42  3:50  Probe  
  42  3:52  Robotics Facility  
  43  3:59  Shield Battery  
  44  4:03  Probe x2 (Chrono Boost)  
  44  4:09  Phoenix (Chrono Boost)  
  45  4:16  Probe x2 (Chrono Boost)  
  51  4:25  Probe x2 (Chrono Boost)  
  51  4:26  Assimilator  
  51  4:27  Assimilator  
  51  4:30  Probe (Chrono Boost)  
  51  4:31  Probe (Chrono Boost), Protoss Ground Weapons Level 1 (Chrono Boost)  
  53  4:41  Probe  
  53  4:42  Probe  
  55  4:50  Immortal  
  59  4:53  Probe  
  59  4:56  Pylon  
  60  5:11  Gateway, Twilight Council  
  60  5:13  Gateway  
  60  5:15  Probe  
  60  5:19  Probe  
  62  5:30  Pylon  
  62  5:32  Immortal, Pylon  
  66  5:41  Charge (Chrono Boost)  
  66  5:47  Gateway  
  66  5:48  Gateway  
  66  5:53  Templar Archives  
  64  6:04  Observer  
  64  6:14  Gateway  
  64  6:15  Gateway, Zealot  
  64  6:16  Zealot x3  
  73  6:22  Immortal  
  73  6:24  Warp Prism  
  75  6:33  Pylon x2  
  75  6:39  High Templar  
  77  6:40  High Templar x3  
  77  6:41  Zealot  
  77  6:43  Archon  
  77  6:44  Archon  
  85  6:49  Pylon  
  85  7:05  Zealot x2  
  89  7:12  Zealot x4  
  89  7:13  Pylon  
  89  7:15  Pylon  
  97  7:25  High Templar x2  
  97  7:26  Zealot x2  
  97  7:29  Archon  
  105  7:31  Zealot  
  105  7:32  Zealot x2  
  111  7:43  Probe  
  112  7:46  Pylon  
  112  7:49  Pylon  
  112  7:53  Zealot x2  
  112  7:54  Zealot x2  
  98  8:00  Zealot  
  98  8:01  Zealot  
  88  8:07  Zealot  
  82  8:16  Zealot x2  
  82  8:17  Zealot  
  82  8:30  High Templar x5  
  92  8:35  Archon x2  
  92  8:36  High Templar  
  92  8:37  Zealot x2  
  92  8:40  Archon  
  88  8:56  Zealot x2  
  88  9:02  Zealot x6  
Show
View Real Time Build Order
Export as new Build Order

llllllllllll Protoss 

Build Orders: Phoenix Opening, Zealot Archon 

Get SALT Encoding   

  12  0:00  Probe  
  13  0:12  Probe  
  14  0:16  Pylon  
  14  0:25  Probe (Chrono Boost)  
  15  0:35  Gateway  
  15  0:37  Probe (Chrono Boost)  
  15  0:42  Assimilator  
  16  0:45  Probe (Chrono Boost)  
  17  0:52  Probe  
  17  0:55  Assimilator  
  18  1:04  Probe  
  19  1:08  Gateway  
  19  1:16  Probe  
  20  1:23  Cybernetics Core  
  20  1:28  Probe  
  21  1:34  Pylon  
  21  1:40  Probe  
  22  1:52  Probe  
  23  1:59  Sentry, Stalker  
  23  2:00  Warp Gate  
  27  2:04  Probe  
  28  2:10  Pylon  
  28  2:16  Probe  
  29  2:31  Sentry, Probe  
  29  2:32  Phoenix  
  34  2:44  Probe  
  32  2:47  Nexus  
  32  2:56  Probe (Chrono Boost)  
  33  3:00  Stalker  
  35  3:06  Pylon  
  35  3:08  Probe (Chrono Boost)  
  36  3:15  Stalker  
  36  3:17  Probe (Chrono Boost)  
  39  3:25  Probe (Chrono Boost)  
  40  3:31  Twilight Council  
  40  3:38  Probe (Chrono Boost)  
  41  3:43  Probe (Chrono Boost)  
  41  3:48  Stalker  
  44  3:53  Probe (Chrono Boost), Stalker  
  47  4:01  Blink (Chrono Boost)  
  47  4:02  Probe (Chrono Boost)  
  49  4:04  Probe (Chrono Boost)  
  49  4:09  Probe (Chrono Boost)  
  50  4:11  Probe (Chrono Boost)  
  50  4:14  Probe (Chrono Boost)  
  52  4:17  Stalker  
  52  4:20  Stalker  
  52  4:23  Probe  
  57  4:26  Probe  
  57  4:29  Pylon  
  58  4:36  Forge, Probe  
  59  4:40  Probe  
  59  4:42  Assimilator  
  59  4:44  Assimilator  
  60  4:48  Probe  
  60  4:50  Robotics Facility  
  61  4:53  Probe, Pylon  
  61  4:59  Stalker  
  64  5:00  Probe  
  64  5:04  Pylon  
  64  5:05  Probe  
  64  5:06  Protoss Ground Weapons Level 1 (Chrono Boost)  
  65  5:23  Probe  
  65  5:24  Gateway  
  65  5:25  Gateway  
  65  5:26  Probe  
  67  5:35  Nexus  
  67  5:38  Pylon  
  67  5:39  Observer  
  68  5:48  Charge (Chrono Boost)  
  68  5:49  Gateway  
  68  5:51  Gateway  
  67  6:04  Probe x2  
  68  6:15  Gateway  
  68  6:16  Templar Archives, Probe (Chrono Boost)  
  68  6:17  Gateway  
  69  6:24  Pylon  
  70  6:27  Probe x2 (Chrono Boost)  
  70  6:28  Warp Prism  
  73  6:37  Zealot x4  
  81  6:48  Zealot x2  
  81  6:54  Probe  
  87  6:57  Protoss Ground Weapons Level 2 (Chrono Boost)  
  87  6:58  High Templar x3  
  87  6:59  High Templar  
  93  7:02  Archon  
  93  7:03  Shield Battery, Archon  
  93  7:14  Zealot x2, High Templar x2  
  101  7:18  Pylon  
  101  7:19  Archon, Pylon  
  100  7:32  Zealot x4  
  100  7:33  Probe x2  
  100  7:34  Probe  
  111  7:38  Zealot x2  
  111  7:41  Observer, Pylon  
  116  7:49  High Templar x2  
  120  7:53  Archon  
  120  7:55  Zealot x4  
  104  8:00  Zealot x2  
  78  8:16  High Templar  
  78  8:17  Zealot x3, High Templar  
  73  8:21  Archon  
  73  8:22  Zealot x3  
  73  8:26  Immortal (Chrono Boost)  
  83  8:34  Zealot  
  83  8:38  Zealot x2  
  89  8:45  Zealot x3  
  95  8:50  Zealot x2  
  91  8:56  Zealot  
  91  9:00  High Templar x2  
  75  9:04  Archon  
  75  9:06  Zealot x3  
  73  9:10  Zealot x2  
Tags
 
Add a new tag
Caveats
  • Supply blocks, unpowered buildings, or Contaminate may cause inaccurate times.
  • Supply counts are checked every 10 seconds.